 Dungeon Crawl Stone Soup version 0.18-a0-27-g1f73fa3 (webtiles) character file.

115 Ordine the Charmwright (level 4, 1/29 HPs)
             Began as a High Elf Skald on Nov 4, 2015.
             Quit the game on level 3 of the Dungeon.
             The game lasted 00:08:22 (4387 turns).

Ordine the Charmwright (High Elf Skald)             Turns: 4387, Time: 00:08:22

Health: 1/29       AC:  4    Str: 11    XL:     4   Next: 68%
Magic:  4/10       EV: 11    Int: 17    God:
Gold:   123        SH:  0    Dex: 14    Spells: 4 memorised, 1 level left

rFire  . . .     SeeInvis .     a - +1 falchion
rCold  . . .     Clarity  .     b - +0 leather armour
rNeg   . . .     SustAt   .     (no shield)
rPois  .         Gourm    .     (no helmet)
rElec  .         Spirit   .     e - +0 cloak
rCorr  .         Warding  .     (no gloves)
rMut   .         Stasis   .     (no boots)
MR     .....                    (no amulet)
Stlth  +.........               (no ring)
                                (no ring)

@: lethally poisoned (1 -> -4), shrouded, infused, flying, very slightly
contaminated, not resistant to hostile enchantments, very unstealthy
A: no striking features
a: no special abilities


You were on level 3 of the Dungeon.
You were not hungry.

You visited 1 branch of the dungeon, and saw 3 of its levels.

You collected 123 gold pieces.

Inventory:

Hand Weapons
 a - a +1 falchion (weapon)
Armour
 b - a +0 leather armour (worn)
 e - a +0 cloak (worn)
Scrolls
 i - a scroll of magic mapping
Books
 c - a book of Battle

   Spells                             Type                      Level
   a - Infusion                       Charms                       1
   b - Shroud of Golubria             Charms/Translocation         2
   c - Song of Slaying                Charms                       2
   d - Spectral Weapon                Hexes/Charms                 3
   e - Regeneration                   Charms/Necromancy            3
Comestibles
 d - a bread ration
 f - a slice of pizza
 j - a meat ration


   Skills:
 - Level 2.0 Fighting
 * Level 4.4 Long Blades
 - Level 0.8 Armour
 - Level 1.1 Dodging
 + Level 3.3 Spellcasting
 + Level 4.7 Charms


You had one spell level left.
You knew the following spells:

 Your Spells              Type           Power        Failure   Level  Hunger
a - Infusion              Chrm           ###...       3%          1    None
b - Song of Slaying       Chrm           ###.....     6%          2    ##.....
c - Shroud of Golubria    Chrm/Tloc      ##........   14%         2    ##.....
d - Regeneration          Chrm/Necr      ##........   28%         3    ###....


Dungeon Overview and Level Annotations

Branches:
Dungeon (3/15)

Altars:
Cheibriados
Trog
The Shining One


Message History

You barely miss the scorpion.
The scorpion is heavily wounded.
The scorpion stings you but does no damage.
You barely miss the scorpion.
The scorpion is heavily wounded.
The scorpion stings you!
You hit the scorpion.
The scorpion is severely wounded.
The scorpion stings you. The scorpion stings you!
* * * LOW HITPOINT WARNING * * *
You are lethally poisoned!
The scorpion poisons you!
Drink which item? (? for menu, Esc to quit)
It was a potion of flight.
You feel very buoyant.
You fly up into the air.
* * * LOW HITPOINT WARNING * * *
You feel sick.
The scorpion stings you but does no damage.
Are you sure you want to abandon this character and quit the game? (Confirm with "yes".)

###.#........
#...#.#######
#.#####........)...
#..............####
#.#######....8.......
#...........8<8..##.#
.#.######.......8...####
.....$..................
#.....@#......†....####
#....s.#.....#..#......
#......#.....##........
#......#.....####......
#......#.....# #......
#......#.....# #>.....
#......#.....# ....
#......# . .


You could see a scorpion.

Vanquished Creatures
  4 adders
  2 worms (D:2)
  4 giant geckos
  An orc (D:3)
  5 giant cockroaches
  9 goblins
  9 hobgoblins
  A jackal (D:2)
  A quokka (D:2)
  10 bats
  6 giant newts
  10 kobolds
  9 rats
71 creatures vanquished.

Notes
Turn   | Place    | Note
--------------------------------------------------------------
     0 | D:1      | Ordine the High Elf Skald began the quest for the Orb.
     0 | D:1      | Reached XP level 1. HP: 14/14 MP: 4/4
   455 | D:1      | Reached XP level 2. HP: 19/19 MP: 6/6
   462 | D:1      | Learned a level 2 spell: Song of Slaying
   465 | D:1      | Learned a level 2 spell: Shroud of Golubria
  1250 | D:2      | Found a glowing golden altar of the Shining One.
  1265 | D:2      | Found a bloodstained altar of Trog.
  1282 | D:2      | Reached skill level 4 in Charms
  1368 | D:2      | Reached XP level 3. HP: 20/24 MP: 8/8
  1695 | D:2      | Found a bloodstained altar of Trog.
  2491 | D:2      | Found a snail-covered altar of Cheibriados.
  2773 | D:2      | Reached XP level 4. HP: 21/29 MP: 4/9
  2944 | D:2      | Learned a level 3 spell: Regeneration
  4386 | D:3      | HP: 1/29 [poisoned by a scorpion]
  4387 | D:3      | Quit the game

Vault maps used:
D:1:      eino_arrival_water_star, minmay_misc_feat_roman, nrook_mini_vaults,
          serial_bayou_pond_a
D:2:      old_standard_altar, lemuel_round_altar, overflow_temple_1_default,
          roderic_lattice_a, hex_tiny, trog_hazing_becter
D:3:      st_stairs_14

Action                   |  1- 3 |  4- 6 || total
-------------------------+-------+-------++-------
Melee: Falchion          |   141 |    63 ||   204
 Cast: Infusion          |     8 |     6 ||    14
       Song of Slaying   |     2 |       ||     2
       Shroud of Golubri |       |     1 ||     1
  Use: Scroll            |     4 |     1 ||     5
       Potion            |       |     1 ||     1
 Stab: Sleeping          |     1 |     1 ||     2
  Eat: Chunk             |     6 |     5 ||    11
